cohdb
Replays
Latest Replays
All Replays
Popular Replays
Top Player Replays
Match Explorer
How It Works
Community
CoH3 Stats
Reddit
Sign in to upload your games and track your stats! →
Sign in with Steam
Match 45550460
Unlisted
Match 45550460
Overview
Messages
Build Orders
End
Vickers Machine Gun Team
Construct Section Command Post
Selects Canadian Shock Battlegroup
Infantry Section
Royal Engineer Section
Selects Attacking Spirit
Selects Canadian Shock Section
Canadian Shock Section
Construct Platoon Command Post
Selects Incendiary Munitions
CMP 15cwt Truck
Forward Retreat Point
Selects Pyrotechnics
Construct Company Command Post
Infantry Section
Royal Engineer Section
Unlock M3 Grant Medium Tanks
Selects Demolition Engineering
M3 Grant Medium Tank
M3 Grant Medium Tank
Selects Smoke Operation
Smoke Operation
Otter
h4sjohnson
冲锋大哥
掉线学说
con_007
Marowi
A Sassy Badger
Urge to Merge
0
0
Comments
sign in to comment!
No comments posted yet!